 Dungeon Crawl Stone Soup version 0.28-a0-105-g49a0850c41 (webtiles) character file.

Game seed: 10968265963190763992

34 nefef the Digger (level 3, -2/19 HPs)
             Began as a Gargoyle Earth Elementalist on Aug 11, 2021.
             Slain by Terence (8 damage)
             ... on level 2 of the Dungeon.
             The game lasted 00:02:18 (1446 turns).

nefef the Digger (Gargoyle Earth Elementalist)      Turns: 1446, Time: 00:02:19

Health: -2/19      AC:  5    Str: 11    XL:     3   Next: 31%
Magic:  7/7        EV: 11    Int: 16    God:
Gold:   66         SH:  0    Dex: 10    Spells: 3/7 levels left

rFire   . . .      SeeInvis .   d - +0 club
rCold   . . .      Faith    .   (no shield)
rNeg    + . .      Spirit   .   b - +0 robe
rPois   ∞          Reflect  .   (no helmet)
rElec   +          Harm     .   (no cloak)
rCorr   .          Rampage  .   (no gloves)
Will    .....                   (no boots)
Stlth   ++........              (no amulet)
HPRegen 0.06/turn               (no ring)
MPRegen 0.10/turn               (no ring)

@: no status effects
A: sickness immunity, AC +3, negative energy resistance 1, electricity
resistance, torment resistance 1, petrification resistance
a: no special abilities


You were on level 2 of the Dungeon.
You visited 1 branch of the dungeon, and saw 2 of its levels.

You collected 66 gold pieces.

Inventory:

Hand Weapons
 d - a +0 club (weapon)
Missiles
 c - 91 stones
Armour
 b - a +0 robe (worn)
Potions
 a - a potion of brilliance {unknown}
 g - a potion of haste {unknown}


   Skills:
 - Level 1.5 Dodging
 - Level 2.1 Stealth
 + Level 2.7 Spellcasting
 + Level 0.0 Conjurations
 - Level 0.7 Transmutations
 + Level 4.4 Earth Magic


You had 3 spell levels left.
You knew the following spells:

 Your Spells              Type           Power      Damage    Failure   Level
a - Sandblast             Erth           32%        2d9       3%          1
b - Stone Arrow           Conj/Erth      18%        3d8       22%         3

Your spell library contained the following spells:

 Spells                   Type           Power      Damage    Failure   Level
 Passwall                 Tmut/Erth      8%         N/A       10%         2
 Petrify                  Tmut/Erth      10%        N/A       54%         4


Dungeon Overview and Level Annotations

Branches:
Dungeon (2/15)

Altars:

Annotations:
D:2 Terence


Innate Abilities, Weirdness & Mutations

You are immune to sickness and miasma.
Your stone body is resilient. (AC +3)
You are immune to poison.
You resist negative energy. (rN+)
You are resistant to electric shocks. (rElec)
You are resistant to unholy torment.
You are immune to petrification.


Message History

No target in view!
Unknown command.
No target in view!
Unknown command.
Your goblin dissolves into shadows!
Your adder dissolves into shadows!
Your bat dissolves into shadows!
HP restored.
a - a puce potion
c - 74 stones (gained 23)
c - 91 stones (gained 17)
A goblin and a hobgoblin come into view.
Terence the Incautious comes into view.
He is wielding a +0 mace.
The helpless goblin fails to defend itself.
You hit the goblin.
The goblin is severely wounded.
The goblin hits you but does no damage.
You closely miss the goblin.
The goblin is severely wounded.
The goblin hits you but does no damage. The goblin barely misses you.
You barely miss the goblin.
The goblin is severely wounded.
The goblin barely misses you.
You hit the goblin.
You kill the goblin!
Terence barely misses you.
You barely miss Terence. Terence hits you with a +0 mace. x2
You hit Terence.
Terence is lightly wounded.
Terence barely misses you.
You closely miss Terence.
Terence is lightly wounded.
Terence hits you with a +0 mace.
You hit Terence.
Terence is moderately wounded.
Terence completely misses you.
You closely miss Terence.
Terence is moderately wounded.
Terence hits you with a +0 mace! x2
You die...

.. #.### ....# ..g #.#.#
.. #.#.#.. #.#.#.#
##+###.#.#.#
#...)@.....###.#
......@#.........# .....
.......###.####..# .....
....... #.# #..##.....
....... #.# #.........
....... #.####.........
.......###..............
..............#.#...#...
...#######.#....##...


You could see Terence.

Vanquished Creatures
  An adder (D:2)
  2 dart slugs (D:1)
  A bat (D:1)
  4 endoplasms (D:1)
  3 goblins
  A quokka (D:1)
  2 ball pythons (D:1)
  2 frilled lizards (D:1)
  2 kobolds
  2 rats (D:1)
20 creatures vanquished.

Vanquished Creatures (collateral kills)
  A rat (D:2)
1 creature vanquished.

Grand Total: 21 creatures vanquished

Notes
Turn   | Place    | Note
-------+----------+-------------------------------------------
     0 | D:1      | nefef the Gargoyle Earth Elementalist began the quest for
                  | the Orb.
     0 | D:1      | Reached XP level 1. HP: 10/10 MP: 3/3
   253 | D:1      | Reached XP level 2. HP: 15/15 MP: 5/5
   255 | D:1      | Reached skill level 4 in Earth Magic
  1192 | D:2      | Reached XP level 3. HP: 19/19 MP: 4/7
  1196 | D:2      | Learned a level 3 spell: Stone Arrow
  1437 | D:2      | Noticed Terence
  1446 | D:2      | Slain by Terence

Illustrated notes

Levels and vault maps discovered:
D:1:      dpeg_arrival_snail, layout_basic
D:2:      layout_basic, minmay_split_cup_large, uniq_terence

Skill      XL: |  1  2 |
---------------+-------+-----
Earth Magic    | 4 |  4.4
Dodging        | |  1.5
Stealth        | |  2.1
Spellcasting   | |  2.7
Transmutations | |  0.7

Action                   || total
-------------------------++-------
Melee: Club              ||    64
 Cast: Sandblast         ||    13
  Use: Scroll            ||     3
 Stab: Sleeping          ||     5
Armor: Robe              ||    25
Dodge: Dodged            ||    41

Table legend: (Time is in decaauts)
 A = Elapsed time spent in this place.
 B = Non-inter-level travel time spent in this place.
 C = Inter-level travel time spent in this place.
 D = Time resting spent in this place.
 E = Time spent auto-exploring this place.
 F = Levels seen in this place.
 G = Mean time per level.
                   A        B        C        D        E       F      G
               +--------+--------+--------+--------+--------+-----+--------+
         Total |   1464 |   1445 |     19 |     20 |   1250 |   2 |  732.0 |
       Dungeon |   1464 |   1445 |     19 |     20 |   1250 |   2 |  732.0 |
               +--------+--------+--------+--------+--------+-----+--------+

Top non-repeatable levels by time:
     D:1: 1196 daAuts
     D:2: 267 daAuts
